 Dungeon Crawl Stone Soup version 0.29-a0-972-g43c84944fd (webtiles) character file.

Game seed: 9446958277178316682

126 Plasmagod the Chopper (level 5, 0/47 HPs)
             Began as a Hill Orc Berserker on July 31, 2022.
             Was a Believer of Trog.
             Slain by Natasha (8 damage)
             ... on level 2 of the Dungeon.
             The game lasted 00:17:42 (2586 turns).

Plasmagod the Chopper (Hill Orc Berserker)          Turns: 2586, Time: 00:17:43

Health: 0/47       AC:  4    Str: 22    XL:     5   Next: 9%
Magic:  5/5        EV: 12    Int:  7    God:    Trog [**....]
Gold:   121        SH:  0    Dex: 16    Spells: 4/4 levels left

rFire   . . .      SeeInvis .   a - +0 hand axe
rCold   . . .      Faith    .   (no shield)
rNeg    . . .      Spirit   .   e - +0 leather armour
rPois   .          Reflect  .   (no helmet)
rElec   .          Harm     +   f - scarf {harm}
rCorr   .          Rampage  .   (no gloves)
Will    .....                   j - +0 pair of boots
Stlth   +.........              (no amulet)
HPRegen 0.15/turn               h - +6 ring of dexterity
MPRegen 0.09/turn               (no ring)

@: no status effects
A: no striking features
a: Renounce Religion, Berserk, Trog's Hand


You were on level 2 of the Dungeon.
You worshipped Trog.
Trog was pleased with you.
You visited 1 branch of the dungeon, and saw 2 of its levels.

You collected 121 gold pieces.

Inventory:

Hand Weapons
 a - a +0 hand axe (weapon)
 d - a +0 club
 i - a +0 vampiric dagger
 l - a +2 dagger of venom
 m - a +0 dagger
 o - a +0 dagger
Armour
 b - a +0 animal skin
 e - a +0 leather armour (worn)
 f - a scarf of harm (worn)
 g - a +0 robe
 j - a +0 pair of boots (worn)
 n - a +0 robe
Jewellery
 h - a +6 ring of dexterity (left hand)
Scrolls
 c - 4 scrolls of enchant weapon
 q - a scroll of vulnerability {unknown}
 r - a scroll of identify


   Skills:
 + Level 4.6 Fighting
 + Level 5.5 Axes
 + Level 2.8 Armour
 + Level 2.2 Dodging
 + Level 0.6 Stealth


You had 4 spell levels left.
You didn't know any spells.
Your spell library was empty.

Dungeon Overview and Level Annotations

Branches:
Dungeon (2/15)

Altars:
Gozag

Annotations:
D:2 Natasha


Message History

Natasha barely misses you.
You barely miss Natasha.
Natasha is heavily wounded.
Natasha claws you.
You hit Natasha.
Natasha is severely wounded.
Natasha claws you.
You hit Natasha but do no damage.
Natasha is severely wounded.
Natasha drinks a potion.
Natasha is healed!
You hit Natasha but do no damage. Natasha barely misses you.
You hit Natasha.
Natasha is heavily wounded.
Natasha claws you!
You closely miss Natasha.
Natasha is heavily wounded.
Natasha claws you.
* * * LOW HITPOINT WARNING * * *
You barely miss Natasha.
Natasha is heavily wounded.
Natasha barely misses you.
You barely miss Natasha.
Natasha is heavily wounded.
Natasha claws you.
* * * LOW HITPOINT WARNING * * *
Natasha closely misses you. Natasha attacks as you move away!
Natasha claws you.
* * * LOW HITPOINT WARNING * * *
Natasha attacks as you move away! Natasha misses you.
Natasha completely misses you.
Natasha wildly gestures.
You feel disoriented. Natasha closely misses you.
As you read the scroll labelled KUBEG WYAHOE, it crumbles to dust.
You feel aware of your surroundings.
It was a scroll of magic mapping.
Natasha closely misses you.
As you read the scroll labelled AGUOGG IRAUCU, it crumbles to dust.
It is a scroll of amnesia.
You feel forgetful for a moment. Natasha claws you!
You die...

#.# #.#.....#h#.#*** #.#
#.#.....#.#.## #.#
########.........#..# ##'##
#.......######†####.## #...#
#.###...# #.# #..# #...# #.#
#.#.######.# ##.## #...# #.#
#)#........# #..#
#...###.###.#h#############.#
#...'.......@................
##...#####'#.#................
#......##....##############...
#......##......,,,,,..........
#......##...####****#######...
#......##...# #...
#...........# ####
#..........## ******#
#####......### *,,....


You could see Natasha.

Vanquished Creatures
  Natasha (twice) (D:2)
  3 adders (D:2)
  3 dart slugs
  3 endoplasms
  2 giant cockroaches (D:1)
  4 goblins
  3 hobgoblins
  5 quokkas
  3 bats (D:1)
  6 frilled lizards
  4 kobolds
  4 rats
42 creatures vanquished.

Vanquished Creatures (others)
  A fungus (D:2)
1 creature vanquished.

Grand Total: 43 creatures vanquished

Notes
Turn   | Place    | Note
-------+----------+-------------------------------------------
     0 | D:1      | Plasmagod the Hill Orc Berserker began the quest for the
                  | Orb.
     0 | D:1      | Reached XP level 1. HP: 19/19 MP: 1/1
   183 | D:1      | Reached XP level 2. HP: 27/27 MP: 2/2
   646 | D:1      | Found a faded altar of an unknown god.
  1143 | D:1      | Reached XP level 3. HP: 28/33 MP: 3/3
  1373 | D:2      | Reached ** piety under Trog
  1599 | D:2      | Reached skill level 5 in Axes
  1922 | D:2      | Reached XP level 4. HP: 35/41 MP: 4/4
  1980 | D:2      | Found an opulent altar of Gozag.
  2159 | D:2      | Noticed Natasha
  2172 | D:2      | Killed Natasha
  2491 | D:2      | Noticed Natasha
  2506 | D:2      | Killed Natasha
  2507 | D:2      | Reached XP level 5. HP: 28/47 MP: 5/5
  2555 | D:2      | Noticed Natasha
  2586 | D:2      | Slain by Natasha

Illustrated notes

Levels and vault maps discovered:
D:1:      dpeg_arrival_court, layout_basic, chequers_ecumenical_altar_simple
D:2:      layout_basic, basic_altar, uniq_crazy_yiuf_cottage, uniq_natasha,
          uniq_terence

Skill      XL: |  1  2  3  4 |
---------------+-------------+-----
Fighting       | 4 |  4.6
Axes           | 5 |  5.5
Dodging        | 2 |  2.2
Armour         | |  2.8
Stealth        | |  0.6

Action                   |  1- 3 |  4- 6 || total
-------------------------+-------+-------++-------
Melee: Hand axe          |    86 |    56 ||   142
  Use: Scroll            |     2 |     2 ||     4
 Stab: Sleeping          |     1 |     2 ||     3
Armor: Animal skin       |     3 |       ||     3
       Leather armour    |    33 |     5 ||    38
Dodge: Dodged            |    59 |    31 ||    90

Table legend: (Time is in decaauts)
 A = Elapsed time spent in this place.
 B = Non-inter-level travel time spent in this place.
 C = Inter-level travel time spent in this place.
 D = Time resting spent in this place.
 E = Time spent auto-exploring this place.
 F = Levels seen in this place.
 G = Mean time per level.
                   A        B        C        D        E       F      G
               +--------+--------+--------+--------+--------+-----+--------+
         Total |   2601 |   2233 |    368 |    806 |    979 |   2 | 1300.5 |
       Dungeon |   2601 |   2233 |    368 |    806 |    979 |   2 | 1300.5 |
               +--------+--------+--------+--------+--------+-----+--------+

Top non-repeatable levels by time:
     D:1: 1792 daAuts
     D:2: 809 daAuts
